Map: Prion Terraces

Players

AcerBly (Bly) - Winner!

  • Race: Zerg Zerg
  • League: Master

viOLet

  • Race: Zerg Zerg

Event: DreamHack ZOWIE Open Leipzig

VOD

Have the link to the VOD?

Description

Time

  • Played on: Jan. 23, 2016, 3:38 p.m.
  • Length: 33:41

All games in this series

Show
View Real Time Build Order
Export as new Build Order

AcerBly Zerg - Winner!

Build Orders: Pool First, Zergling Baneling 

Get SALT Encoding   

  12  0:01  Drone  
  13  0:12  Drone  
  14  0:15  Extractor  
  13  0:27  Spawning Pool  
  12  0:32  Drone  
  13  0:39  Drone  
  14  0:44  Drone, Extractor  
  15  0:52  Overlord  
  15  1:14  Queen  
  15  1:15  Zergling x2  
  18  1:19  Metabolic Boost  
  18  1:24  Zergling x2  
  19  1:28  Zergling x2  
  20  1:37  Baneling Nest  
  19  1:44  Zergling x4  
  21  1:53  Overlord  
  21  2:01  Zergling x2  
  22  2:12  Zergling x2  
  23  2:20  Zergling x2  
  24  2:23  Zergling x6  
  24  2:27  Baneling x3  
  27  2:30  Baneling  
  27  2:35  Zergling x2  
  28  2:43  Baneling  
  28  2:46  Zergling x2  
  22  3:16  Zergling x6  
  23  3:28  Zergling x2  
  24  3:35  Zergling x2  
  24  3:39  Hatchery, Baneling x4  
  24  3:46  Zergling x2  
  25  3:56  Zergling x2  
  25  3:57  Zergling x2  
  27  4:09  Zergling x4  
  25  4:12  Drone  
  26  4:19  Drone x3  
  28  4:35  Drone  
  28  4:38  Evolution Chamber  
  26  4:43  Drone  
  26  4:46  Drone x2  
  26  4:48  Baneling x3  
  28  4:55  Baneling  
  22  5:15  Zergling x12  
  28  5:26  Queen  
  30  5:41  Zergling x8  
  34  5:53  Baneling x2  
  34  6:04  Overlord  
  29  6:05  Drone x4  
  29  6:08  Baneling x2  
  33  6:14  Queen  
  33  6:16  Baneling  
  30  6:37  Zergling x12  
  29  6:53  Drone x2  
  25  6:59  Baneling x2  
  25  7:03  Baneling  
  25  7:06  Drone x3  
  28  7:09  Drone  
  29  7:25  Drone x3  
  32  7:40  Drone x3  
  35  7:44  Baneling  
  35  7:49  Drone x3  
  38  7:52  Drone x2  
  38  7:56  Zergling x2  
  41  8:02  Drone x3  
  43  8:15  Roach Warren, Extractor  
  43  8:16  Drone x2  
  43  8:17  Drone  
  42  8:27  Drone x2  
  42  8:28  Overlord x2  
  41  8:57  Roach x5  
  41  8:59  Overlord  
  51  9:05  Roach x3  
  57  9:14  Roach  
  57  9:15  Overlord  
  59  9:23  Ravager x2  
  59  9:24  Ravager x2  
  62  9:28  Zergling x8  
  66  9:33  Zergling x2  
  66  9:37  Hatchery  
  67  9:38  Zergling x6  
  67  9:45  Zergling x8  
  73  9:53  Roach  
  73  9:54  Lair  
  73  9:57  Drone, Extractor  
  75  10:10  Drone  
  75  10:12  Overlord, Extractor  
  69  10:32  Roach x6  
  67  10:44  Roach  
  67  10:45  Roach x4  
  75  10:50  Roach x3  
  73  11:04  Queen  
  73  11:07  Baneling x2  
  75  11:12  Roach x3  
  75  11:14  Zergling x2  
  75  11:17  Overlord x3  
  82  11:25  Overlord  
  81  11:37  Roach  
  81  11:38  Roach x7  
  97  11:47  Baneling  
  97  11:48  Baneling  
  97  11:55  Overseer  
  97  11:58  Drone x3  
  97  11:59  Overlord x2  
  101  12:01  Drone x3  
  101  12:03  Ravager  
  101  12:08  Drone x2  
  106  12:13  Spire  
  105  12:23  Glial Reconstitution  
  104  12:43  Drone  
  104  12:44  Drone x5, Overlord  
  110  12:46  Extractor  
  110  12:49  Extractor  
  108  12:53  Roach x4  
  108  12:56  Roach  
  118  12:59  Hatchery  
  118  13:03  Roach x3  
  109  13:24  Mutalisk x3  
  109  13:25  Mutalisk  
  86  13:36  Drone x2  
  69  13:49  Mutalisk  
  64  14:20  Extractor  
Show
View Real Time Build Order
Export as new Build Order

viOLet Zerg 

Build Orders: Pool First 

Get SALT Encoding   

  12  0:00  Drone  
  13  0:12  Overlord  
  13  0:19  Drone  
  14  0:31  Drone x2  
  14  0:35  Drone  
  17  0:43  Extractor  
  17  0:46  Drone  
  17  0:50  Spawning Pool  
  17  0:56  Drone  
  17  1:18  Hatchery  
  17  1:22  Drone  
  17  1:37  Queen  
  17  1:39  Zergling x2  
  20  1:46  Metabolic Boost  
  20  1:48  Overlord  
  20  1:55  Drone  
  21  2:12  Queen  
  21  2:15  Baneling Nest  
  22  2:16  Zergling x2  
  23  2:23  Drone  
  24  2:36  Zergling x6  
  27  2:43  Spine Crawler  
  26  2:45  Zergling x4  
  26  2:47  Zergling x2  
  28  2:53  Zergling x2  
  29  3:00  Zergling x2  
  25  3:06  Zergling x2  
  25  3:07  Zergling x2  
  25  3:08  Zergling x2  
  25  3:12  Zergling x2  
  17  3:23  Baneling  
  16  3:31  Zergling x2  
  17  3:37  Baneling  
  17  3:38  Baneling  
  17  3:40  Zergling x4  
  19  3:43  Baneling  
  19  3:51  Zergling x2  
  19  3:52  Zergling x2  
  21  4:09  Queen  
  19  4:14  Drone x2  
  23  4:21  Drone  
  23  4:28  Drone  
  22  4:37  Zergling x4  
  23  4:41  Zergling x2  
  23  4:45  Baneling x2  
  24  4:50  Drone x2  
  26  4:55  Zergling x2  
  26  5:02  Zergling x4, Baneling  
  26  5:09  Zergling x2  
  26  5:13  Zergling x2  
  26  5:19  Queen  
  27  5:23  Drone  
  28  5:29  Drone  
  28  5:30  Drone  
  28  5:34  Drone  
  31  5:42  Zergling x4  
  33  5:55  Drone  
  34  6:00  Drone  
  34  6:01  Drone  
  34  6:03  Baneling x2  
  34  6:04  Drone x2  
  34  6:08  Overlord  
  34  6:09  Baneling  
  36  6:16  Baneling  
  36  6:17  Baneling  
  36  6:21  Overlord  
  36  6:25  Drone  
  36  6:29  Drone x3  
  25  6:33  Drone x2  
  23  6:42  Zergling x4  
  23  6:46  Zergling x2  
  25  6:48  Drone  
  25  6:51  Drone  
  27  6:54  Zergling x2  
  27  6:59  Zergling x2  
  28  7:01  Baneling  
  28  7:02  Baneling  
  28  7:10  Drone x2  
  30  7:16  Zergling x4  
  30  7:22  Drone  
  33  7:23  Zergling x2  
  33  7:25  Zergling x2  
  35  7:30  Drone  
  35  7:32  Drone  
  35  7:34  Drone  
  38  7:38  Drone  
  39  7:45  Baneling  
  39  7:46  Baneling x3  
  39  7:47  Drone x2  
  41  7:53  Drone  
  41  7:54  Drone x2  
  44  7:59  Zergling x2  
  41  8:16  Drone  
  41  8:17  Drone  
  42  8:23  Roach Warren, Drone x2  
  43  8:29  Drone x2  
  45  8:37  Drone x2, Overlord  
  44  8:51  Overlord  
  44  8:52  Zergling x4  
  46  9:04  Roach  
  46  9:07  Roach x3  
  54  9:10  Roach x2  
  54  9:13  Hatchery  
  54  9:15  Roach  
  58  9:19  Roach  
  58  9:21  Roach  
  58  9:24  Roach  
  60  9:36  Drone x4  
  60  9:37  Roach, Extractor  
  65  9:44  Overlord x2  
  65  9:52  Overlord  
  65  10:03  Zergling x12, Extractor  
  65  10:06  Zergling x4  
  72  10:08  Overlord, Ravager  
  72  10:13  Zergling x2  
  73  10:21  Zergling x2  
  73  10:24  Zergling x2  
  73  10:27  Zergling x2  
  73  10:28  Zergling x6  
  71  10:29  Zergling x4  
  71  10:31  Zergling x2  
  71  10:33  Zergling x2  
  71  10:36  Zergling x2  
  71  10:37  Zergling x2  
  71  10:39  Queen  
  68  10:45  Zergling x4  
  68  10:47  Zergling x2  
  68  10:49  Baneling x3  
  70  10:56  Roach x2  
  71  10:58  Roach x2, Queen  
  71  11:01  Roach x2  
  79  11:06  Roach  
  81  11:12  Roach x2  
  85  11:19  Roach x2  
  85  11:24  Overlord  
  90  11:25  Ravager  
  90  11:27  Overlord  
  90  11:31  Roach x2  
  87  11:40  Ravager  
  87  11:42  Overlord, Roach  
  89  11:47  Drone x4  
  89  11:52  Roach  
  95  11:58  Roach x3  
  101  12:03  Overlord  
  101  12:06  Roach  
  103  12:10  Roach x2  
  103  12:14  Roach  
  109  12:21  Ravager  
  110  12:25  Drone  
  110  12:26  Drone x5  
  110  12:28  Ravager  
  117  12:30  Overlord  
  113  12:38  Zergling x2  
  113  12:43  Overlord  
  114  12:44  Zergling x2  
  114  12:47  Zergling x6  
  114  12:48  Zergling x2  
  114  12:50  Baneling x6  
  119  12:51  Zergling x6  
  119  12:52  Zergling x2  
  119  12:56  Zergling x2  
  123  13:04  Zergling x2  
  124  13:08  Zergling x2  
  124  13:11  Zergling x8  
  124  13:12  Zergling x2  
  132  13:19  Zergling x2  
  127  13:20  Zergling x4  
  118  13:41  Hatchery  
  112  13:51  Zergling x6  
  61  15:27  Drone x3  

Tags
 
Add a new tag
Caveats
  • Supply blocks, unpowered buildings, or Contaminate may cause inaccurate times.
  • Supply counts are checked every 10 seconds.